 Dungeon Crawl Stone Soup version 0.30-a0-23-ge60ba3568b (webtiles) character file.

Game seed: 8753403751323564572

79 AttackTheMoon the Grave Robber (level 4, 0/32 (34) HPs)
             Began as a Draconian Necromancer on Aug 24, 2022.
             Slain by Crazy Yiuf
             ... wielding a +4 quarterstaff of chaos
              (6 damage)
             ... on level 2 of the Dungeon.
             The game lasted 00:05:01 (2503 turns).

AttackTheMoon the Grave Robber (DrNe)               Turns: 2503, Time: 00:05:02

HP:   0/32 (34)     AC:  6    Str: 10    XL:     4   Next: 16%
MP:   5/8           EV: 12    Int: 17    God:
Gold: 113           SH:  0    Dex: 12    Spells: 7/8 levels left

rFire   . . .      SeeInvis .    b - +1 dagger
rCold   + + .      Faith    .    (no shield)
rNeg    . . .      Spirit   .    (body armour unavailable)
rPois   .          Reflect  .    (helmet restricted)
rElec   .          Harm     .    (no cloak)
rCorr   .          Rampage  .    (no gloves)
Will    .....                    g - +0 pair of boots
Stlth   ++........               (no amulet)
HPRegen 0.10/turn                e - ring of protection from cold
MPRegen 0.11/turn                (no ring)

@: attractive, flying, drained
A: AC +5, unfitting armour, cold-blooded, big wings, cold resistance 1, no
potion heal 1
a: no special abilities


You were on level 2 of the Dungeon.
You visited 1 branch of the dungeon, and saw 2 of its levels.

You collected 113 gold pieces.

Inventory:

Hand Weapons
 b - a +1 dagger (weapon)
Armour
 g - a +0 pair of boots (worn)
Jewellery
 e - a ring of protection from cold (left hand)
Scrolls
 d - a scroll of enchant weapon
Potions
 a - a potion of magic
 f - a potion of flight
 i - a potion of brilliance


   Skills:
 - Level 0.5 Fighting
 - Level 1.7 Dodging
 + Level 2.8 Stealth
 + Level 2.8 Spellcasting
 + Level 4.6 Necromancy


You had 7 spell levels left.
You knew the following spells:

 Your Spells              Type           Power      Damage    Failure   Level
a - Necrotise             Necr           72%        1d7       2%          1

Your spell library contained the following spells:

 Spells                   Type           Power      Damage    Failure   Level
 Vampiric Draining        Necr           18%        2d7       9%          3
 Sandblast                Erth           4%         2d4       19%         1
 Passwall                 Tmut/Erth      1%         N/A       26%         2
 Animate Dead             Necr           18%        N/A       26%         4
 Stone Arrow              Conj/Erth      4%         3d7       47%         3
 Agony                    Necr           18%        N/A       58%         5


Dungeon Overview and Level Annotations

Branches:
Dungeon (2/15)

Altars:
Gozag

Annotations:
D:2 Crazy Yiuf


Innate Abilities, Weirdness & Mutations

Your plain brown scales are hard. (AC +5)
You cannot fit into any form of body armour.
You are cold-blooded and may be slowed by cold attacks.
Your large and strong wings let you fly.
Your flesh is cold resistant. (rC+)
Potions are less effective at restoring your health.


Message History

Things that are here:
a +0 mace; a +0 scale mail
There is an open door here.
Key pressed, stopping explore.
You see here a +0 dagger.
Crazy Yiuf shouts!
Crazy Yiuf grits, "Rifle pontify sing!"
You open the door.
Crazy Yiuf writhes in agony.
Crazy Yiuf hits you with a +4 quarterstaff of chaos.
Crazy Yiuf writhes in agony.
Crazy Yiuf hits you with a +4 quarterstaff of chaos.
Crazy Yiuf barely resists.
Crazy Yiuf hits you with a +4 quarterstaff of chaos!
Crazy Yiuf freezes you.
* * * LOW HITPOINT WARNING * * *
You are too injured to fight recklessly!
You are too injured to fight recklessly!
You feel better.
Crazy Yiuf says, "Crazy?
Crazy!?
PORCUPINE!"
Crazy Yiuf barely misses you.
Okay, then.
It was a potion of attraction.
You feel attractive to monsters.
Crazy Yiuf whimpers, "Castle poople sallow!"
Crazy Yiuf hits you with a +4 quarterstaff of chaos.
You feel drained.
It was a potion of mutation.
You feel extremely strange.
Your wings grow larger and stronger.
Your system partially rejects the healing effects of potions.
You feel resistant to cold.
Crazy Yiuf hits you with a +4 quarterstaff of chaos!
* * * LOW HITPOINT WARNING * * *
You hit Crazy Yiuf but do no damage.
Crazy Yiuf is moderately wounded.
Crazy Yiuf completely misses you.
You barely miss Crazy Yiuf.
Crazy Yiuf is moderately wounded.
Crazy Yiuf hits you with a +4 quarterstaff of chaos.
You die...

....#..#.#.# #.............[...
..#.#..#.#.# #.....###.........
..#.#..#.#.# ###...)....#'#####
.......##### #######.##.#####
#.#.#..## #.##.#.... #.......#
#.##'#.... ###.....##♣♣ ###
###....... ..+.....#.P♣♣
♣♣#..)# #.'.......
###........P♣♣♣♣@g...#
###.......
...####...P..♣..♣#...#
#.'....... ..))..###.P.♣.♣♣♣
### ###.....## ......# ##♣♣♣♣♣
#....^.... ......### ##.....###
........#############
#'........
......#.##.#........#
##.....###
.)....'.##.#........# #.....#
......#.##.#........#####.....#


You could see Crazy Yiuf.

Vanquished Creatures
  Terence (D:2)
  2 worms (D:2)
  4 ball pythons
  An endoplasm (D:1)
  A giant cockroach (D:1)
  3 goblins
  4 hobgoblins (D:1)
  6 jackals (D:1)
  6 kobolds
  7 bats
  3 frilled lizards (D:1)
  2 rats (D:2)
40 creatures vanquished.

Vanquished Creatures (collateral kills)
  A ball python (D:2)
  A bat (D:1)
2 creatures vanquished.

Grand Total: 42 creatures vanquished

Notes
Turn   | Place    | Note
-------+----------+-------------------------------------------
     0 | D:1      | AttackTheMoon the Draconian Necromancer began the quest for
                  | the Orb.
     0 | D:1      | Reached XP level 1. HP: 14/14 MP: 3/3
   125 | D:1      | Noticed a snapping turtle
   126 | D:1      | Noticed a killer bee
   126 | D:1      | Noticed a wyvern
   290 | D:1      | Reached XP level 2. HP: 22/22 MP: 0/5
   735 | D:1      | Found a faded altar of an unknown god.
   904 | D:1      | Reached XP level 3. HP: 25/27 MP: 1/6
  1225 | D:2      | Found a runed translucent door.
  1226 | D:2      | Noticed Crazy Yiuf
  1349 | D:2      | Noticed Terence
  1369 | D:2      | Killed Terence
  1638 | D:2      | Reached XP level 4. HP: 34/34 MP: 8/8
  2162 | D:2      | Found an opulent altar of Gozag.
  2501 | D:2      | Gained mutation: Your large and strong wings let you fly.
                  | [potion of mutation]
  2501 | D:2      | Gained mutation: Potions are less effective at restoring
                  | your health. [potion of mutation]
  2501 | D:2      | Gained mutation: Your flesh is cold resistant. (rC+)
                  | [potion of mutation]
  2503 | D:2      | Slain by Crazy Yiuf

Illustrated notes

Levels and vault maps discovered:
D:1:      onia_arrival_zoo_common, layout_rooms, basic_ecumenical_altar,
          minmay_pentomino_u2
D:2:      cheibrodos_helix_gallery, layout_basic, basic_altar,
          uniq_crazy_yiuf_cottage, uniq_terence

Skill      XL: |  1 |
---------------+----+-----
Stealth        | 2 |  2.8
Fighting       | |  0.5
Dodging        | |  1.7
Spellcasting   | |  2.8
Necromancy     | |  4.6

Action                   |  1- 3 |  4- 6 || total
-------------------------+-------+-------++-------
Melee: Unarmed           |    24 |       ||    24
       Tailslap          |     8 |     4 ||    12
       Dagger            |    76 |    28 ||   104
       Punch             |       |     1 ||     1
 Cast: Necrotise         |    36 |     6 ||    42
  Use: Scroll            |     3 |     4 ||     7
       Potion            |       |     3 ||     3
 Stab: Distracted        |     1 |       ||     1
Armor: Skin              |    40 |    10 ||    50
Dodge: Dodged            |   107 |    14 ||   121

Table legend: (Time is in decaauts)
 A = Elapsed time spent in this place.
 B = Non-inter-level travel time spent in this place.
 C = Inter-level travel time spent in this place.
 D = Time resting spent in this place.
 E = Time spent auto-exploring this place.
 F = Levels seen in this place.
 G = Mean time per level.
                   A        B        C        D        E       F      G
               +--------+--------+--------+--------+--------+-----+--------+
         Total |   2501 |   2439 |     62 |    512 |   1569 |   2 | 1250.5 |
       Dungeon |   2501 |   2439 |     62 |    512 |   1569 |   2 | 1250.5 |
               +--------+--------+--------+--------+--------+-----+--------+

Top non-repeatable levels by time:
     D:2: 1336 daAuts
     D:1: 1165 daAuts
